 Dungeon Crawl Stone Soup version 0.29-a0-2-g12fcac58f8 (webtiles) character file.

Game seed: 16553338568580427516

149 Hasart the Conjurer (level 5, 0/35 HPs)
             Began as a Demonspawn Conjurer on Jan 27, 2022.
             Slain by an orc priest (4 damage)
             ... on level 3 of the Dungeon.
             The game lasted 00:03:33 (2611 turns).

Hasart the Conjurer (Demonspawn Conjurer)           Turns: 2611, Time: 00:03:33

Health: 0/35       AC:  5    Str:  7    XL:     5   Next: 9%
Magic:  9/9        EV: 12    Int: 22    God:
Gold:   121        SH:  0    Dex: 11    Spells: 6/9 levels left

rFire   . . .      SeeInvis .   h - +3 dagger (venom)
rCold   . . .      Faith    .   (no shield)
rNeg    . . .      Spirit   .   a - +0 robe
rPois   +          Reflect  .   g - +0 helmet
rElec   .          Harm     .   (no cloak)
rCorr   .          Rampage  .   (no gloves)
Will    .....                   (no boots)
Stlth   ++........              (no amulet)
HPRegen 0.11/turn               k - ring of poison resistance
MPRegen 0.11/turn               (no ring)

@: no status effects
A: claws 1, molten scales 1, spiny 1
a: no special abilities


You were on level 3 of the Dungeon.
You visited 1 branch of the dungeon, and saw 3 of its levels.

You collected 121 gold pieces.

Inventory:

Hand Weapons
 h - a +3 dagger of venom (weapon)
Missiles
 d - a throwing net
Armour
 a - a +0 robe (worn)
 g - a +0 helmet (worn)
Jewellery
 k - a ring of poison resistance (left claw)
Scrolls
 i - a scroll of identify {unknown}
Potions
 b - a potion of haste {unknown}
 c - a potion of lignification {unknown}
 e - 2 potions of curing {unknown}
 f - a potion of ambrosia {unknown}
 j - a potion of mutation {unknown}


   Skills:
 + Level 2.8 Dodging
 - Level 1.7 Stealth
 + Level 2.9 Spellcasting
 * Level 5.3 Conjurations


You had 6 spell levels left.
You knew the following spells:

 Your Spells              Type           Power      Damage    Failure   Level
a - Magic Dart            Conj           100%       1d8       1%          1
b - Searing Ray           Conj           52%        2d6       1%          2

Your spell library contained the following spells:

 Spells                   Type           Power      Damage    Failure   Level
 Dazzling Flash           Conj/Hex       30%        N/A       12%         3
 Stone Arrow              Conj/Erth      30%        3d8       12%         3
 Sandblast                Erth           6%         2d5       13%         1
 Passwall                 Tmut/Erth      2%         N/A       19%         2
 Fulminant Prism          Conj/Hex       7%         3d7       38%         4
 Iskenderun's Mystic Bla  Conj/Tloc      15%        2d5       38%         4


Dungeon Overview and Level Annotations

Branches:
Dungeon (3/15)

Altars:

Shops:
D:1 (   D:3 *

Annotations:
D:3 1 runed translucent door, Peedeoo7's ghost, weakling DrAr


Innate Abilities, Weirdness & Mutations

You have sharp fingernails.
You are partially covered in molten scales. (AC +2)
You are partially covered in sharp spines.


Message History

You have reached level 5!
Your demonic ancestry asserts itself...
Your fingernails lengthen.
The orc is struck by your spines. The orc closely misses you.
Things that are here:
a +0 dagger; a +0 robe; an orc corpse You hit the orc.
The orc is poisoned.
The orc is heavily wounded.
The orc hits you with a +0 falchion.
You hit the orc.
The orc looks even sicker.
The orc is severely wounded.
The orc is struck by your spines.
You kill the orc!
The orc is struck by your spines.
You kill the orc!
Things that are here:
a +0 falchion; an orc corpse
Things that are here:
a +0 club; an orc corpse The orc shouts!
You hear a shout!
The orc throws a stone.
The stone hits you but does no damage.
The orc throws a stone.
The stone completely misses you.
A bat and an orc priest come into view.
The orc priest shouts!
The orc is struck by your spines.
You kill the orc!
You hit the orc.
The orc is poisoned.
The orc is severely wounded.
You kill the orc!
The orc priest invokes the aid of Beogh against you.
Beogh smites you!
* * * LOW HITPOINT WARNING * * *
The bat barely misses you. The bat misses you.
A gnoll comes into view. It is wielding a +0 spear.
Items here: !! $ ( )) [ †.
Found a dagger.
The bat is struck by your spines.
You kill the bat!
The orc priest looks encouraged for a moment.
The orc priest hits you with a +0 short sword.
You die...

#......# .. #......#
... #......#
###.......#......#
.........#......####
.......).......'...
...... #..o...### ....
#..@.....#
#######..####........#
...#....g......)##...#
)?W+......#####.# ..#
.$l#......# #.# .#
####...$..# #.# #
..........# #.#
#.......).# #.#
#.........## #.#


You could see an orc priest.

Vanquished Creatures
  2 orc wizards (D:3)
  A gnoll (D:3)
  An adder (D:2)
  A worm (D:3)
  A dart slug (D:2)
  8 orcs (D:3)
  4 bats
  4 endoplasms
  3 giant cockroaches
  4 goblins
  4 hobgoblins
  3 kobolds
  4 ball pythons
  3 frilled lizards
  6 rats
49 creatures vanquished.

Vanquished Creatures (others)
  An orc wizard (D:3)
1 creature vanquished.

Grand Total: 50 creatures vanquished

Notes
Turn   | Place    | Note
-------+----------+-------------------------------------------
     0 | D:1      | Hasart the Demonspawn Conjurer began the quest for the Orb.
     0 | D:1      | Reached XP level 1. HP: 13/13 MP: 3/3
     1 | D:1      | Found Raoluik's Antique Weapon Boutique.
   319 | D:1      | Gained mutation: You are partially covered in molten
                  | scales. (AC +2) [demonic ancestry]
   319 | D:1      | Reached XP level 2. HP: 19/19 MP: 0/5
   418 | D:1      | Learned a level 2 spell: Searing Ray
  1163 | D:2      | Reached XP level 3. HP: 24/24 MP: 3/6
  1831 | D:3      | Found Lixzedgh's General Store.
  2311 | D:3      | Found a runed translucent door.
  2312 | D:3      | Noticed Peedeoo7's ghost (weakling DrAr)
  2364 | D:3      | Reached skill level 5 in Conjurations
  2364 | D:3      | Gained mutation: You are partially covered in sharp spines.
                  | [demonic ancestry]
  2364 | D:3      | Reached XP level 4. HP: 14/30 MP: 3/8
  2592 | D:3      | Gained mutation: You have sharp fingernails. [demonic
                  | ancestry]
  2592 | D:3      | Reached XP level 5. HP: 18/35 MP: 9/9
  2611 | D:3      | Slain by an orc priest

Illustrated notes

Levels and vault maps discovered:
D:1:      saegor_arrival_simple_a, layout_rooms, serial_shops, shop,
          grunt_decor_arrowhead
D:2:      layout_loops_ring, minivault_25
D:3:      layout_basic, serial_shops, nicolae_shop_statue_plus,
          ebering_ghost_inner_flame

Skill      XL: |  1  2  3 |
---------------+----------+-----
Dodging        | 2 |  2.8
Conjurations   | 5 |  5.3
Stealth        | |  1.7
Spellcasting   | |  2.9

Action                   |  1- 3 |  4- 6 || total
-------------------------+-------+-------++-------
Melee: Dagger            |    38 |    18 ||    56
       Punch             |       |     1 ||     1
 Cast: Magic Dart        |    71 |       ||    71
       Searing Ray       |     2 |       ||     2
 Stab: Sleeping          |     1 |       ||     1
Armor: Robe              |    10 |     7 ||    17
Dodge: Dodged            |    20 |    12 ||    32

Table legend: (Time is in decaauts)
 A = Elapsed time spent in this place.
 B = Non-inter-level travel time spent in this place.
 C = Inter-level travel time spent in this place.
 D = Time resting spent in this place.
 E = Time spent auto-exploring this place.
 F = Levels seen in this place.
 G = Mean time per level.
                   A        B        C        D        E       F      G
               +--------+--------+--------+--------+--------+-----+--------+
         Total |   2608 |   2567 |     41 |     17 |   2098 |   3 |  869.3 |
       Dungeon |   2608 |   2567 |     41 |     17 |   2098 |   3 |  869.3 |
               +--------+--------+--------+--------+--------+-----+--------+

Top non-repeatable levels by time:
     D:2: 922 daAuts
     D:1: 860 daAuts
     D:3: 826 daAuts
